SNL (28 & UNDER)
WEST VIRGINIA POWER @ KEY WEST BARRACUDAS
04/12/2025
 
TOP OF THE 1ST
West Virginia Power batting - Pitching for Key West Barracudas : LHP Alfredo González
Pitching: LHP Alfredo González
Batting: LHB Júlio Martínez 0-0: Swinging Strike
0-1: Swinging Strike
0-2: Strikes out swinging
Batting: RHB Dave McGrath 0-0: Ball
1-0: Called Strike
1-1: Foul Ball, location: 2F
1-2: Strikes out looking
Batting: RHB Juan Alberto 0-0: Called Strike
0-1: Ball
1-1: Swinging Strike
1-2: Strikes out swinging
Top of the 1st over - 0 run(s), 0 hit(s), 0 error(s), 0 left on base; West Virginia 0 - Key West 0
BOTTOM OF THE 1ST
Key West Barracudas batting - Pitching for West Virginia Power : LHP Ricardo Guichardo
Pitching: LHP Ricardo Guichardo
Batting: RHB Victor Baker 0-0: Ball
1-0: Foul Ball, location: 2F
1-1: Ground out 6-3 (Groundball, 6)
Batting: RHB Carlos Bravo 0-0: Called Strike
0-1: Ball
1-1: Fly out, F9 (Line Drive, 89S)
Batting: LHB Daniel Byrd 0-0: Foul Ball, location: 2F
0-1: Called Strike
0-2: Ball
1-2: Ball
2-2: Strikes out swinging
Bottom of the 1st over - 0 run(s), 0 hit(s), 0 error(s), 0 left on base; West Virginia 0 - Key West 0
TOP OF THE 2ND
West Virginia Power batting - Pitching for Key West Barracudas : LHP Alfredo González
Batting: RHB Roberto Tobías 0-0: Called Strike
0-1: Ball
1-1: Fly out, F9 (Flyball, 9M)
Batting: LHB Jesús Ángel 0-0: Ball
1-0: Swinging Strike
1-1: Called Strike
1-2: Strikes out swinging
Batting: LHB Bernardo Montés 0-0: Called Strike
0-1: Foul Ball, location: 2F
0-2: Strikes out looking
Top of the 2nd over - 0 run(s), 0 hit(s), 0 error(s), 0 left on base; West Virginia 0 - Key West 0
BOTTOM OF THE 2ND
Key West Barracudas batting - Pitching for West Virginia Power : LHP Ricardo Guichardo
Batting: RHB Dan Craft 0-0: Ball
1-0: Ground out 1-3 (Groundball, 13)
Batting: RHB Luther Stoffels 0-0: Swinging Strike
0-1: Ball
1-1: Fly out, F9 (Flyball, 9LSF)
Batting: RHB Carlos Miranda 0-0: Called Strike
0-1: Ball
1-1: Foul Ball, location: 2F
1-2: Strikes out swinging
Bottom of the 2nd over - 0 run(s), 0 hit(s), 0 error(s), 0 left on base; West Virginia 0 - Key West 0
TOP OF THE 3RD
West Virginia Power batting - Pitching for Key West Barracudas : LHP Alfredo González
Batting: RHB Gonzalo Gil 0-0: Called Strike
0-1: Foul Ball, location: 2F
0-2: Foul Ball, location: 2F
0-2: Ball
1-2: Strikes out swinging
Batting: RHB Luis Encarnación 0-0: Ball
1-0: Foul Ball, location: 2F
1-1: Called Strike
1-2: Ball
2-2: Foul Ball, location: 2F
2-2: Foul Ball, location: 2F
2-2: Strikes out swinging
Batting: LHB Héctor Cruz 0-0: Called Strike
0-1: Called Strike
0-2: Ball
1-2: Ball
2-2: Ball
3-2: Foul Ball, location: 2F
3-2: Strikes out looking
Top of the 3rd over - 0 run(s), 0 hit(s), 0 error(s), 0 left on base; West Virginia 0 - Key West 0
BOTTOM OF THE 3RD
Key West Barracudas batting - Pitching for West Virginia Power : LHP Ricardo Guichardo
Batting: LHB Motoki Hirata 0-0: Foul Ball, location: 2F
0-1: Ball
1-1: Swinging Strike
1-2: Strikes out swinging
Batting: SHB Héctor Jiménez 0-0: Ball
1-0: Foul Ball, location: 2F
1-1: Called Strike
1-2: Foul Ball, location: 2F
1-2: Fly out, F7 (Flyball, 7M)
Batting: SHB Rodney Birling 0-0: Fly out, F4 (Popup, 3D)
Bottom of the 3rd over - 0 run(s), 0 hit(s), 0 error(s), 0 left on base; West Virginia 0 - Key West 0
TOP OF THE 4TH
West Virginia Power batting - Pitching for Key West Barracudas : LHP Alfredo González
Batting: LHB Júlio Martínez 0-0: SINGLE (Line Drive, 9S)
Batting: RHB Dave McGrath 0-0: Ball
1-0: Grounds into double play, 5-4-3 (Groundball, 56)
Batting: RHB Juan Alberto 0-0: Ball
1-0: Foul Ball, location: 2F
1-1: Fly out, F8 (Flyball, 8LM)
Top of the 4th over - 0 run(s), 1 hit(s), 0 error(s), 0 left on base; West Virginia 0 - Key West 0
BOTTOM OF THE 4TH
Key West Barracudas batting - Pitching for West Virginia Power : LHP Ricardo Guichardo
Batting: RHB Victor Baker 0-0: Called Strike
0-1: Ground out 5-3 (Groundball, 5)
Batting: RHB Carlos Bravo 0-0: Ball
1-0: Called Strike
1-1: DOUBLE (Flyball, 89M)
Batting: LHB Daniel Byrd 0-0: Ball
1-0: Ball
2-0: Foul Ball, location: 2F
2-1: Foul Ball, location: 2F
2-2: Fly out, F8 (Flyball, 8LXD)
Runner from 2nd tags up, SAFE at 3rd, no throw
Batting: RHB Dan Craft 0-0: Swinging Strike
0-1: Ground out 2-3 (Groundball, 2L)
Bottom of the 4th over - 0 run(s), 1 hit(s), 0 error(s), 1 left on base; West Virginia 0 - Key West 0
TOP OF THE 5TH
West Virginia Power batting - Pitching for Key West Barracudas : LHP Alfredo González
Batting: RHB Roberto Tobías 0-0: Fly out, F9 (Flyball, 89S)
Batting: LHB Jesús Ángel 0-0: Called Strike
0-1: Ground out 4-3 (Groundball, 4)
Batting: LHB Bernardo Montés 0-0: Called Strike
0-1: Called Strike
0-2: Ball
1-2: Strikes out swinging
Top of the 5th over - 0 run(s), 0 hit(s), 0 error(s), 0 left on base; West Virginia 0 - Key West 0
BOTTOM OF THE 5TH
Key West Barracudas batting - Pitching for West Virginia Power : LHP Ricardo Guichardo
Batting: RHB Luther Stoffels 0-0: Ball
1-0: Fly out, F4 (Popup, 4)
Batting: RHB Carlos Miranda 0-0: Ball
1-0: Called Strike
1-1: Fly out, F8 (Flyball, 8RS)
Batting: LHB Motoki Hirata 0-0: Called Strike
0-1: Foul Ball, location: 2F
0-2: Ball
1-2: Ball
2-2: SINGLE (Line Drive, 6MD)
Batting: SHB Héctor Jiménez 0-0: Ball
1-0: Called Strike
1-1: Ball
2-1: Fly out, F7 (Flyball, 78M)
Bottom of the 5th over - 0 run(s), 1 hit(s), 0 error(s), 1 left on base; West Virginia 0 - Key West 0
TOP OF THE 6TH
West Virginia Power batting - Pitching for Key West Barracudas : LHP Alfredo González
Batting: RHB Gonzalo Gil 0-0: Ball
1-0: Called Strike
1-1: Called Strike
1-2: Ball
2-2: Strikes out swinging
Batting: RHB Luis Encarnación 0-0: Called Strike
0-1: Fly out, F9 (Flyball, 89M)
Batting: LHB Héctor Cruz 0-0: Ground out 6-3 (Groundball, 6)
Top of the 6th over - 0 run(s), 0 hit(s), 0 error(s), 0 left on base; West Virginia 0 - Key West 0
BOTTOM OF THE 6TH
Key West Barracudas batting - Pitching for West Virginia Power : LHP Ricardo Guichardo
Batting: SHB Rodney Birling 0-0: Foul Ball, location: 2F
0-1: Ball
1-1: Ball
2-1: Foul Ball, location: 2F
2-2: Foul Ball, location: 2F
2-2: SINGLE (Flyball, 89S)
Batting: RHB Victor Baker 0-0: Foul Ball, location: 2F
0-1: Ball
1-1: Ball
2-1: Ball
3-1: Grounds into double play, 6-4-3 (Groundball, 6)
Batting: RHB Carlos Bravo 0-0: Ball
1-0: Ball
2-0: Foul Ball, location: 2F
2-1: SOLO HOME RUN (Flyball, 7D), Distance : 411 ft
Batting: LHB Daniel Byrd 0-0: Ball
1-0: Foul Ball, location: 2F
1-1: Called Strike
1-2: Fly out, F9 (Popup, 89S)
Bottom of the 6th over - 1 run(s), 2 hit(s), 0 error(s), 0 left on base; West Virginia 0 - Key West 1
TOP OF THE 7TH
West Virginia Power batting - Pitching for Key West Barracudas : LHP Alfredo González
Batting: LHB Júlio Martínez 0-0: Swinging Strike
0-1: Foul Ball, location: 2F
0-2: Foul Ball, location: 2F
0-2: Strikes out looking
Batting: RHB Dave McGrath 0-0: Swinging Strike
0-1: Foul Ball, location: 2F
0-2: Ball
1-2: Ball
2-2: Fly out, F3 (Popup, 3F)
Batting: RHB Juan Alberto 0-0: Called Strike
0-1: Ball
1-1: Foul Ball, location: 2F
1-2: Ball
2-2: Ball
3-2: Base on Balls
Batting: RHB Roberto Tobías 0-0: Swinging Strike
0-1: Foul Ball, location: 2F
0-2: Foul Ball, location: 2F
0-2: Hit by Pitch
Juan Alberto to second
Batting: LHB Jesús Ángel 0-0: Ball
1-0: Fly out, F7 (Flyball, 78M)
Top of the 7th over - 0 run(s), 0 hit(s), 0 error(s), 2 left on base; West Virginia 0 - Key West 1
BOTTOM OF THE 7TH
Key West Barracudas batting - Pitching for West Virginia Power : LHP Ricardo Guichardo
Batting: RHB Dan Craft 0-0: Ball
1-0: Ball
2-0: Swinging Strike
2-1: Foul Ball, location: 2F
2-2: Strikes out swinging
Batting: RHB Luther Stoffels 0-0: Ground out 5-3 (Groundball, 56S)
Batting: RHB Carlos Miranda 0-0: Ball
1-0: Called Strike
1-1: Called Strike
1-2: Foul Ball, location: 2F
1-2: Foul Ball, location: 2F
1-2: Foul Ball, location: 2F
1-2: SINGLE (Flyball, 6MD)
Pinch Hitting: RHB Frederick Chamberlain 0-0: Called Strike
0-1: Ball
1-1: Ball
2-1: Ball
3-1: Base on Balls
Carlos Miranda to second
Batting: SHB Héctor Jiménez 0-0: Ball
1-0: Foul Ball, location: 2F
1-1: Swinging Strike
1-2: Strikes out swinging
Bottom of the 7th over - 0 run(s), 1 hit(s), 0 error(s), 2 left on base; West Virginia 0 - Key West 1
TOP OF THE 8TH
West Virginia Power batting - Pitching for Key West Barracudas : LHP Alfredo González
Now in LF: Frederick Chamberlain
Batting: LHB Bernardo Montés 0-0: Ground out U3 (Groundball, 3S)
Batting: RHB Gonzalo Gil 0-0: Ball
1-0: Fly out, F4 (Popup, 4)
Batting: RHB Luis Encarnación 0-0: Called Strike
0-1: Ball
1-1: Called Strike
1-2: Foul Ball, location: 2F
1-2: Foul Ball, location: 2F
1-2: Ball
2-2: Ball
3-2: Fly out, F7 (Flyball, 78S)
Top of the 8th over - 0 run(s), 0 hit(s), 0 error(s), 0 left on base; West Virginia 0 - Key West 1
BOTTOM OF THE 8TH
Key West Barracudas batting - Pitching for West Virginia Power : LHP Ricardo Guichardo
Pitching: RHP Aaron Thrash
Batting: SHB Rodney Birling 0-0: Ground out U3 (Groundball, 3)
Batting: RHB Victor Baker 0-0: Ball
1-0: Ball
2-0: Called Strike
2-1: Foul Ball, location: 2F
2-2: Foul Ball, location: 2F
2-2: Ball
3-2: Foul Ball, location: 2F
3-2: Foul Ball, location: 2F
3-2: Base on Balls
Batting: RHB Carlos Bravo Pickoff Throw to First - Out!
0-0: Called Strike
0-1: Ball
1-1: Foul Ball, location: 2F
1-2: Strikes out looking
Bottom of the 8th over - 0 run(s), 0 hit(s), 0 error(s), 0 left on base; West Virginia 0 - Key West 1
TOP OF THE 9TH
West Virginia Power batting - Pitching for Key West Barracudas : LHP Alfredo González
Now at 1B: Jake Wells
Now at 2B: Ramiro Gámez
Pinch Hitting: RHB Ben Dougherty 0-0: Ball
1-0: Foul Ball, location: 2F
1-1: Ball
2-1: Called Strike
2-2: Ball
3-2: Strikes out swinging
Pitching: LHP José Morán
Pinch Hitting: RHB Will Lott 0-0: Called Strike
0-1: Ball
1-1: Called Strike
1-2: Strikes out swinging
Batting: RHB Dave McGrath 0-0: Ball
1-0: Foul Ball, location: 2F
1-1: Ball
2-1: Swinging Strike
2-2: Ball
3-2: Ground out 5-3 (Groundball, 5L)
Top of the 9th over - 0 run(s), 0 hit(s), 0 error(s), 0 left on base; West Virginia 0 - Key West 1
This league is powered by Out of the Park Baseball, the baseball management simulation game for PC, Mac and Linux
Tuesday, August 2nd, 2016 - OOTP Baseball 16.8 Build 38